 Dungeon Crawl Stone Soup version 0.32-a0-290-g598725c5f2 (webtiles) character file.

Game seed: 5966620641388504281

186 Persephone the Chopper (level 5, -4/45 HPs)
             Began as a Mountain Dwarf Fighter on Feb 13, 2024.
             Succumbed to their own poison gas
             ... on level 3 of the Dungeon.
             The game lasted 00:03:01 (2448 turns).

Persephone the Chopper (Mountain Dwarf Fighter)     Turns: 2448, Time: 00:03:01

Health: -4/45      AC:  8    Str: 20    XL:     5   Next: 38%
Magic:  5/5        EV:  9    Int:  9    God:
Gold:   151        SH:  4    Dex:  9    Spells: 4/4 levels left

rFire   . . .        a - +1 war axe
rCold   . . .        c - +0 buckler
rNeg    . . .        b - +0 scale mail
rPois   .            q - +0 helmet
rElec   .            (no cloak)
rCorr   .            (no gloves)
SInv    .            (no boots)
Will    .....        (no amulet) Stlth
                     (no ring)
HPRegen 0.27/turn    (no ring)
MPRegen 0.09/turn

%: no passive effects
@: lethally poisoned (-4 -> -45)
A: runic magic, artefact enchanting
a: no special abilities


You were on level 3 of the Dungeon.
You visited 1 branch of the dungeon, and saw 3 of its levels.

You collected 151 gold pieces.

Inventory:

Hand Weapons
 a - a +1 war axe (weapon)
Armour
 b - a +0 scale mail (worn)
 c - a +0 buckler (worn)
 q - a +0 helmet (worn)
Jewellery
 i - a +6 ring of dexterity
 r - a ring of ice
Scrolls
 e - a scroll of enchant weapon
 s - a scroll of teleportation {unknown}
 t - a scroll of identify {unknown}
Potions
 d - 2 potions of might
 g - a potion of curing {unknown}
 k - a potion of haste {unknown}
 l - 3 potions of invisibility {unknown}
 o - 2 potions of lignification {unknown}
 p - a potion of magic {unknown}


   Skills:
 - Level 3.2 Fighting
 + Level 6.9 Axes
 - Level 3.2 Armour
 - Level 3.2 Shields


You had 4 spell levels left.
You didn't know any spells.
Your spell library contained the following spells:

 Spells                   Type           Power      Damage    Failure   Level
 Foxfire                  Conj/Fire      0%         2x1d4     54%         1
 Jinxbite                 Hex            0%         N/A       69%         2
 Yara's Violent Unravell  Hex/Alch       0%         3d3       100%        5
 Plasma Beam              Fire/Air       0%         2x1d10    100%        6
 Starburst                Conj/Fire      0%         6d3       100%        6
 Enfeeble                 Hex            0%         N/A       100%        7


Dungeon Overview and Level Annotations

Branches:
Dungeon (3/15)

Altars:
Dithmenos

Shops:
D:1 !   D:2 (


Innate Abilities, Weirdness & Mutations

Your spellcasting is much less encumbered by armour.
You can use scrolls of enchantment on lesser artefacts.


Message History

The bat hits you but does no damage. You block the bat's attack.
The bat closely misses you.
You slash the bat!
You kill the bat!
You now have 151 gold pieces (gained 15).
There is an open door here.
You see here a bat corpse.
You see here a bat corpse.
You see here a ball python skeleton.
You see here a +0 short sword.
There is an open door here.
You see here a +0 robe.
Auto Killed stopped - Done exploring.
Done exploring.
As you read the scroll labelled UBLOIDGH VEAXKA, it crumbles to dust.
It is a scroll of enchant weapon.
Your +0 war axe glows red for a moment.
As you read the scroll labelled HIUCITZENN, it crumbles to dust.
It is a scroll of amnesia.
You feel forgetful for a moment.
The air fills with toxic fumes!
As you read the scroll labelled ZIOBOAD ETOJISA, it crumbles to dust.
It was a scroll of poison.
Blink to where?
Press: ? - help, Dir - move target
As you read the scroll labelled XEIFUER SAOMET, it crumbles to dust.
It was a scroll of blinking.
You are engulfed in poison gas.
You are poisoned.
You feel very sick.
As you read the scroll labelled KYURAU SUOMEYSM, it crumbles to dust.
Your body is wracked with pain!
It was a scroll of torment.
You are engulfed in poison gas.
You are lethally poisoned!
* * * LOW HITPOINT WARNING * * *
You feel extremely sick.
As you read the scroll labelled PUCIASHR RELU, it crumbles to dust.
The air around you briefly surges with heat, but it dissipates.
It was a scroll of immolation.
You are engulfed in poison gas.
You are more poisoned.
* * * LOW HITPOINT WARNING * * *
You die...

..##########
...........#
...#######.#
...........#
#..######..#
#..# #..#
#..# #..#
...#
#.§#########
#.##
#.§§§§§§@§§#
#.#
#.§######§##
#.# #..# #§#
#.# #..# #§#
#.# #..# #§#
#.#### #..#
#§# .....#
#..# #§#
(....# #..#
#§# .....#
#..# #.#


There were no monsters in sight!

Vanquished Creatures
  Jessica (D:2)
  Robin (D:3)
  3 adders (D:2)
  4 dart slugs
  3 ball pythons
  8 endoplasms
  A giant cockroach (D:2)
  16 goblins
  6 hobgoblins
  A quokka (D:1)
  6 bats
  5 frilled lizards
  5 kobolds
  3 rats
63 creatures vanquished.

Notes
Turn   | Place    | Note
-------+----------+-------------------------------------------
     0 | D:1      | Persephone the Mountain Dwarf Fighter began the quest for
                  | the Orb.
     0 | D:1      | Reached XP level 1. HP: 19/19 MP: 1/1
    70 | D:1      | Reached skill level 3 in Axes
    77 | D:1      | Found Asaun's Distillery.
    81 | D:1      | Reached XP level 2. HP: 22/26 MP: 2/2
   350 | D:1      | Reached skill level 4 in Axes
   401 | D:1      | Reached XP level 3. HP: 31/31 MP: 3/3
   803 | D:2      | Reached skill level 5 in Axes
   873 | D:2      | Identified the +8 dagger of Ash {speed, *Rage rN+ rCorr}
   918 | D:2      | Found a faded altar of an unknown god.
   923 | D:2      | Noticed a golden eye
   928 | D:2      | Noticed a golden eye
   931 | D:2      | Noticed an eye of devastation
   931 | D:2      | Noticed a shining eye
   974 | D:2      | Reached XP level 4. HP: 38/38 MP: 4/4
  1032 | D:2      | Found Duinealoif's Weapon Boutique.
  1036 | D:2      | Noticed Jessica
  1051 | D:2      | Killed Jessica
  1160 | D:2      | Reached skill level 6 in Axes
  1692 | D:3      | Found a shadowy altar of Dithmenos.
  1707 | D:3      | Noticed Robin
  1710 | D:3      | Reached XP level 5. HP: 43/45 MP: 5/5
  1724 | D:3      | Killed Robin
  2448 | D:3      | Succumbed to their own poison gas

Illustrated notes

Levels and vault maps discovered:
D:1:      eino_arrival_water_cross, layout_loops_cross, serial_shops,
          nicolae_shop_industrial_runoff
D:2:      layout_rooms, hellmonk_ecumenical_altar_watching_god, serial_shops,
          shop, serial_aquarium, aquarium_bridge_straight
          [aquarium_subvault_bridge, aquarium_subvault_balcony,
          aquarium_subvault_bridge, aquarium_subvault_wall],
          aquarium_bridge_long_joined [aquarium_subvault_bridge,
          aquarium_subvault_bridge, aquarium_subvault_window,
          aquarium_subvault_window, aquarium_subvault_bridge,
          aquarium_subvault_balcony], aquarium_window_corner, aquarium_window_1,
          aquarium_window_fake, aquarium_window_corner, aquarium_view_4,
          aquarium_balcony_5a, aquarium_pool_four, uniq_jessica
D:3:      layout_basic, lemuel_crystal_altar, uniq_robin

Skill      XL: |  1  2  3  4 |
---------------+-------------+-----
Axes           | 3 4 5 6 |  6.9
Fighting       | |  3.2
Armour         | |  3.2
Shields        | |  3.2

Action                     |  1- 3 |  4- 6 || total
---------------------------+-------+-------++-------
  Melee: War axe           |    84 |    92 ||   176
    Use: Scroll            |       |     6 ||     6
 Armour: Scale mail        |    74 |    80 ||   154
  Dodge: Dodged            |    30 |    42 ||    72
  Block: Buckler           |    13 |    24 ||    37

Table legend: (Time is in decaauts)
 A = Elapsed time spent in this place.
 B = Non-inter-level travel time spent in this place.
 C = Inter-level travel time spent in this place.
 D = Time resting spent in this place.
 E = Time spent auto-exploring this place.
 F = Levels seen in this place.
 G = Mean time per level.
                   A        B        C        D        E       F      G
               +--------+--------+--------+--------+--------+-----+--------+
         Total |   2495 |   2438 |     57 |      0 |   1987 |   3 |  831.7 |
       Dungeon |   2495 |   2438 |     57 |      0 |   1987 |   3 |  831.7 |
               +--------+--------+--------+--------+--------+-----+--------+

Top non-repeatable levels by time:
     D:2: 866 daAuts
     D:3: 842 daAuts
     D:1: 786 daAuts
